 Dungeon Crawl Stone Soup version 0.27.1 (webtiles) character file.

Game seed: 2528780346865794002

515 chaosape the Shooter (level 7, -2/56 HPs)
             Began as a Gnoll Wanderer on Sept 4, 2021.
             Was a Believer of Okawaru.
             Slain by an iguana (3 damage)
             ... on level 3 of the Dungeon.
             The game lasted 00:24:56 (4408 turns).

chaosape the Shooter (Gnoll Wanderer)               Turns: 4408, Time: 00:24:57

Health: -2/56      AC:  7    Str: 11    XL:     7   Next: 20%
Magic:  10/10      EV:  9    Int: 13    God:    Okawaru [**....]
Gold:   135        SH:  5    Dex: 12    Spells: 9/10 levels left

rFire    . . .     SeeInvis .   w - +1 flail (protect)
rCold    . . .     Faith    .   (no shield)
rNeg     . . .     Spirit   .   d - +0 scale mail
rPois    .         Reflect  +   l - +1 hat
rElec    .         Harm     .   (no cloak)
rCorr    .         Rampage  .   (no gloves)
Will     .....                  (no boots)
Stlth    +.........             m - amulet of reflection
HPRegen  0.18/turn              (no ring)
MPRegen  0.12/turn              (no ring)

@: no status effects
A: fangs 1, strong nose, distributed training
a: Renounce Religion, Heroism


You were on level 3 of the Dungeon.
You worshipped Okawaru.
Okawaru was pleased with you.
You visited 2 branches of the dungeon, and saw 5 of its levels.

You collected 135 gold pieces.

Inventory:

Hand Weapons
 a - a +2 shortbow
 g - a +0 hand axe
 o - a +0 vorpal long sword
 s - a +1 spectral quarterstaff
 v - a +0 hunting sling
 w - a +1 flail of protection (weapon)
 x - a +1 short sword of speed
Missiles
 b - 50 arrows
 h - 72 stones
 n - 8 boomerangs
 p - 17 sling bullets
Armour
 c - a +0 ring mail
 d - a +0 scale mail (worn)
 f - a +0 helmet
 l - a +1 hat (worn)
 q - a +0 leather armour
 r - a +0 ring mail
 u - a +0 leather armour
Jewellery
 m - an amulet of reflection (around neck)
Scrolls
 e - a scroll of teleportation
 j - a scroll of holy word
Potions
 i - a potion of magic
 k - a potion of haste {unknown}


   Skills:
 + Level 5.1 Fighting
 + Level 2.3 Short Blades
 + Level 2.3 Long Blades
 + Level 2.3 Axes
 + Level 2.3 Maces & Flails
 + Level 2.3 Polearms
 + Level 2.3 Staves
 + Level 2.3 Slings
 + Level 7.0 Bows
 + Level 2.3 Crossbows
 + Level 2.3 Throwing
 + Level 2.3 Armour
 + Level 2.3 Dodging
 + Level 3.3 Stealth
 + Level 3.5 Shields
 + Level 2.3 Unarmed Combat
 + Level 2.3 Spellcasting
 + Level 1.9 Conjurations
 + Level 1.9 Hexes
 + Level 1.9 Summonings
 + Level 1.9 Necromancy
 + Level 2.9 Translocations
 + Level 1.9 Transmutations
 + Level 1.9 Fire Magic
 + Level 1.9 Ice Magic
 + Level 1.9 Air Magic
 + Level 1.9 Earth Magic
 + Level 4.2 Poison Magic
 + Level 2.5 Invocations
 + Level 2.3 Evocations


You had 9 spell levels left.
You knew the following spells:

 Your Spells              Type           Power      Damage    Failure   Level
a - Sting                 Tmut/Pois      36%        1d4       36%         1

Your spell library contained the following spells:

 Spells                   Type           Power      Damage    Failure   Level
 Beastly Appendage        Tmut           12%        N/A       54%         1
 Slow                     Hex            6%         N/A       67%         2
 Wereblood                Tmut           6%         N/A       67%         2
 Spider Form              Tmut/Pois      4%         N/A       75%         3
 Mephitic Cloud           Conj/Pois/Air  8%         N/A       80%         3
 Confusing Touch          Hex            6%         N/A       88%         3
 Yara's Violent Unravell  Hex/Tmut       3%         3d4       100%        5


Dungeon Overview and Level Annotations

Branches:
Dungeon (4/15)             Temple (1/1) D:4

Altars:
Cheibriados
Dithmenos
Gozag
Hepliaklqana
Kikubaaqudgha
Okawaru
Qazlal
Vehumet
Wu Jian
Zin

Shops:
D:2 !

Portals:
Abyss: D:1***

Annotations:
D:3 Grinder
D:4 Sigmund


Innate Abilities, Weirdness & Mutations

You have very sharp teeth.
Your uncanny sense of smell can sniff out nearby items.
Your experience applies equally to all skills.


Message History

An iguana comes into view.
An iguana is nearby!
You feel like a meek peon again.
You start resting.
An iguana is nearby!
Sigmund shouts!
Sigmund gestures wildly while chanting.
Sigmund flickers and vanishes!
Deactivating autopickup; reactivate with Ctrl-A.
The iguana bites you.
* * * LOW HITPOINT WARNING * * *
Things that are here:
a +0 robe; a +0 trident You block the iguana's attack.
There is a stone staircase leading up here.
You can't go down here!
The iguana bites you.
* * * LOW HITPOINT WARNING * * *
You climb upwards.
Level annotation: Grinder Reactivating autopickup.
There is a stone staircase leading down here.
You hit the iguana.
Your weapon exudes an aura of protection.
Your bite misses the iguana.
The iguana is lightly wounded.
You block the iguana's attack.
The iguana bites you but does no damage.
You closely miss the iguana. You punch the iguana, but do no damage.
Your bite misses the iguana.
The iguana is lightly wounded.
You block the iguana's attack.
You closely miss the iguana.
The iguana is lightly wounded.
The iguana bites you!
* * * LOW HITPOINT WARNING * * *
You closely miss the iguana. You bite the iguana, but do no damage.
The iguana is lightly wounded.
The iguana bites you.
You die...

###.######.#..##+##### #.# ....#
#.##.##.# #.# ##### #.##..#.# #.#
#.###.#.# #.# ###### #.# #...#
#.# .....# #.# ##..# #.# .....#
#.# #..# #.# .....#####.#
##..#########.######
...........###..@................
.................l.........####.#
.......###.............########.#
.........#.###..................#
.#.##.##.#.# #########.##########
.#.##.##.#.# #...................
.#.##.##.#.# #.#######.########.#
.#.##.##.#.# #.......#.# #.#
.#.##.##.#.#########.#.# #.#


You could see an iguana.

Vanquished Creatures
  A black bear (D:4)
  Blork the orc (D:4)
  A jelly (D:4)
  A hound (D:4)
  A bullfrog skeleton (D:4)
  Terence (D:3)
  An orc wizard (D:4)
  A hound skeleton (D:4)
  8 gnolls
  2 adders
  A worm (D:2)
  5 dart slugs
  5 orcs
  2 bats
  8 endoplasms
  9 giant cockroaches
  7 goblins
  7 hobgoblins
  7 quokkas
  3 ball pythons (D:1)
  3 frilled lizards
  5 kobolds
  5 rats
85 creatures vanquished.

Vanquished Creatures (others)
  An orc wizard (D:4)
  A plant (Temple)
2 creatures vanquished.

Grand Total: 87 creatures vanquished

Notes
Turn   | Place    | Note
-------+----------+-------------------------------------------
     0 | D:1      | chaosape the Gnoll Wanderer began the quest for the Orb.
     0 | D:1      | chaosape set off with the following items: a +2 shortbow,
                  | 27 arrows, a +0 ring mail; and the following spell
                  | memorised: Sting; and the following spells available to
                  | memorise: Mephitic Cloud
     0 | D:1      | Reached XP level 1. HP: 20/20 MP: 1/1
    61 | D:1      | Reached XP level 2. HP: 26/26 MP: 2/2
   303 | D:1      | Reached XP level 3. HP: 31/31 MP: 3/3
   653 | D:1      | Reached skill level 1 in Invocations
  1098 | D:2      | Reached skill level 1 in Short Blades
  1098 | D:2      | Reached skill level 1 in Long Blades
  1098 | D:2      | Reached skill level 1 in Axes
  1098 | D:2      | Reached skill level 1 in Maces & Flails
  1098 | D:2      | Reached skill level 1 in Polearms
  1098 | D:2      | Reached skill level 1 in Staves
  1098 | D:2      | Reached skill level 1 in Slings
  1098 | D:2      | Reached skill level 1 in Crossbows
  1098 | D:2      | Reached skill level 1 in Throwing
  1098 | D:2      | Reached skill level 1 in Armour
  1098 | D:2      | Reached skill level 1 in Dodging
  1098 | D:2      | Reached skill level 1 in Unarmed Combat
  1098 | D:2      | Reached skill level 1 in Spellcasting
  1098 | D:2      | Reached skill level 1 in Evocations
  1113 | D:2      | Found Qocehal's Distillery.
  1126 | D:2      | Reached XP level 4. HP: 38/38 MP: 5/5
  1486 | D:3      | Reached skill level 1 in Conjurations
  1486 | D:3      | Reached skill level 1 in Hexes
  1486 | D:3      | Reached skill level 1 in Summonings
  1486 | D:3      | Reached skill level 1 in Necromancy
  1486 | D:3      | Reached skill level 1 in Transmutations
  1486 | D:3      | Reached skill level 1 in Fire Magic
  1486 | D:3      | Reached skill level 1 in Ice Magic
  1486 | D:3      | Reached skill level 1 in Air Magic
  1486 | D:3      | Reached skill level 1 in Earth Magic
  2020 | D:3      | Reached XP level 5. HP: 43/43 MP: 6/6
  2412 | D:3      | Noticed Terence
  2430 | D:3      | Killed Terence
  2860 | D:3      | Noticed Grinder
  3218 | D:3      | Paralysed by Grinder for 5 turns
  3472 | D:3      | Found a faded altar of an unknown god.
  3480 | D:3      | Became a worshipper of Warmaster Okawaru
  3480 | D:3      | Reached * piety under Okawaru
  3822 | D:4      | Noticed Blork the orc
  3822 | D:4      | Found a staircase to the Ecumenical Temple.
  3826 | D:4      | Killed Blork the orc
  3826 | D:4      | Noticed a black bear
  3827 | D:4      | Reached XP level 6. HP: 50/50 MP: 8/8
  3831 | D:4      | Killed a black bear
  3832 | D:4      | Reached skill level 5 in Fighting
  3884 | Temple   | Entered the Ecumenical Temple
  4057 | D:4      | Reached ** piety under Okawaru
  4100 | D:4      | Found Paxif's Magic Scroll Shop.
  4103 | D:4      | Reached XP level 7. HP: 53/56 MP: 10/10
  4147 | D:4      | Reached skill level 7 in Bows
  4315 | D:4      | Noticed Sigmund
  4345 | D:4      | HP: 2/56 [something (3)]
  4407 | D:3      | HP: 1/56 [iguana (9)]
  4408 | D:3      | Slain by an iguana

Illustrated notes

Levels and vault maps discovered:
D:1:      minmay_arrival_glassed_features, layout_loops_cross,
          serial_bayou_pond_a
D:2:      kennysheep_six_static_rooms, layout_basic, serial_shops, shop,
          minmay_worlds_worst_comb
D:3:      layout_basic, shapermc_ecumenical_altar_totnotflames, uniq_grinder,
          uniq_terence
D:4:      layout_cave_pools, mainiacjoe_overflow_tiny_flanked,
          minmay_temple_entry_purple_smoke, serial_shops, shop_scrolls,
          uniq_blork_the_orc, uniq_sigmund
Temple:   cyrus_temple_forest

Skill      XL: |  1  2  3  4  5  6  7 |
---------------+----------------------+-----
Translocations | 2 |  2.9
Invocations    | 1 2 |  2.5
Short Blades   | 1 2 |  2.3
Long Blades    | 1 2 |  2.3
Axes           | 1 2 |  2.3
Maces & Flails | 1 2 |  2.3
Polearms       | 1 2 |  2.3
Staves         | 1 2 |  2.3
Slings         | 1 2 |  2.3
Crossbows      | 1 2 |  2.3
Throwing       | 1 2 |  2.3
Armour         | 1 2 |  2.3
Dodging        | 1 2 |  2.3
Unarmed Combat | 1 2 |  2.3
Spellcasting   | 1 2 |  2.3
Evocations     | 1 2 |  2.3
Conjurations   | 1 |  1.9
Hexes          | 1 |  1.9
Summonings     | 1 |  1.9
Necromancy     | 1 |  1.9
Transmutations | 1 |  1.9
Fire Magic     | 1 |  1.9
Ice Magic      | 1 |  1.9
Air Magic      | 1 |  1.9
Earth Magic    | 1 |  1.9
Shields        | 3 |  3.5
Poison Magic   | 4 |  4.2
Stealth        | 3 |  3.3
Fighting       | 5 |  5.1
Bows           | 7 |  7.0

Action                   |  1- 3 |  4- 6 |  7- 9 || total
-------------------------+-------+-------+-------++-------
Melee: Long sword        |       |    28 |       ||    28
       Bite              |       |     9 |     6 ||    15
       Quarterstaff      |       |    50 |     7 ||    57
       Short sword       |       |       |    28 ||    28
       Flail             |       |       |    19 ||    19
       Punch             |       |       |     1 ||     1
 Fire: Shortbow          |   100 |    50 |       ||   150
Throw: Boomerang         |       |     2 |       ||     2
       Stone             |       |     1 |       ||     1
Invok: Heroism           |       |       |     1 ||     1
  Use: Scroll            |       |     9 |     2 ||    11
       Potion            |       |     2 |     2 ||     4
Armor: Ring mail         |    13 |    11 |       ||    24
       Scale mail        |       |     7 |     8 ||    15
Dodge: Dodged            |     8 |    32 |    10 ||    50
Block: Other             |       |    14 |    13 ||    27
       Reflection        |       |     1 |       ||     1
       Rpst.: Long sword |       |     3 |       ||     3
